 Dungeon Crawl Stone Soup version 0.28.0-47-ge53b351184 (webtiles) character file.

Game seed: 15977887190910850027

6 NinjaNoafa the Conjurer (level 1, 14/14 HPs)
             Began as a Draconian Conjurer on May 10, 2022.
             Quit the game on level 1 of the Dungeon.
             The game lasted 00:01:14 (303 turns).

NinjaNoafa the Conjurer (Draconian Conjurer)         Turns: 303, Time: 00:01:15

Health: 14/14      AC:  4    Str:  9    XL:     1   Next: 75%
Magic:  3/3        EV: 12    Int: 18    God:
Gold:   32         SH:  0    Dex:  9    Spells: 3/4 levels left

rFire   . . .      SeeInvis .   (no weapon)
rCold   . . .      Faith    .   (no shield)
rNeg    . . .      Spirit   .   (armour unavailable)
rPois   .          Reflect  .   (helmet restricted)
rElec   .          Harm     .   (no cloak)
rCorr   .          Rampage  .   (no gloves)
Will    .....                   (no boots)
Stlth   ++........              (no amulet)
HPRegen 0.04/turn               (no ring)
MPRegen 0.08/turn               (no ring)

@: no status effects
A: AC +4, unfitting armour, cold-blooded
a: no special abilities


You were on level 1 of the Dungeon.
You visited 1 branch of the dungeon, and saw 1 of its levels.

You collected 32 gold pieces.

You aren't carrying anything.


   Skills:
 * Level 2.1 Dodging
 - Level 1.7 Stealth
 + Level 2.1 Spellcasting
 + Level 4.0 Conjurations


You had 3 spell levels left.
You knew the following spells:

 Your Spells              Type           Power      Damage    Failure   Level
a - Magic Dart            Conj           64%        1d6       3%          1

Your spell library contained the following spells:

 Spells                   Type           Power      Damage    Failure   Level
 Searing Ray              Conj           32%        2d5       4%          2
 Dazzling Flash           Conj/Hex       18%        N/A       24%         3
 Fulminant Prism          Conj/Hex       4%         3d6       61%         4
 Iskenderun's Mystic Bla  Conj/Tloc      9%         2d4       61%         4


Dungeon Overview and Level Annotations

Branches:
Dungeon (1/15)

Altars:

Shops:
D:1 [


Innate Abilities, Weirdness & Mutations

Your plain brown scales are hard. (AC +4)
You cannot fit into any form of body armour.
You are cold-blooded and may be slowed by cold attacks.


Message History

The jackal barks!
The jackal completely misses you.
Casting: Magic Dart (safe; 3% risk of failure)
Confirm with . or Enter, or press ? or * to list all spells.
Aiming: Magic Dart (safe; 3% risk of failure)
Press: ? - help, Shift-Dir - straight line, f/p - jackal
Aim: a jackal (heavily wounded, 100% to hit)
The magic dart hits the jackal but does no damage.
The jackal is heavily wounded.
The jackal barely misses you. The jackal closely misses you.
As you read the scroll labelled ICZYUKOOWO, it crumbles to dust.
You feel strangely unstable.
It was a scroll of teleportation.
The jackal misses you. The jackal closely misses you. The jackal bites you.
The jackal closely misses you. The jackal barely misses you.
It was a potion of heal wounds.
You feel much better. The jackal closely misses you. The jackal misses you.
The jackal bites you but does no damage.
The jackal barely misses you.
Your surroundings suddenly seem different.
Found 8 gold pieces.
You now have 32 gold pieces (gained 8).
Found Pogroets's Armour Shoppe.
A dart slug comes into view.
Casting: Magic Dart (safe; 3% risk of failure)
Confirm with . or Enter, or press ? or * to list all spells.
Aiming: Magic Dart (safe; 3% risk of failure)
Press: ? - help, Shift-Dir - straight line, f - dart slug
Aim: a dart slug (100% to hit)
The magic dart hits the dart slug.
The dart slug is severely wounded.
Casting: Magic Dart (safe; 3% risk of failure)
Confirm with . or Enter, or press ? or * to list all spells.
Aiming: Magic Dart (safe; 3% risk of failure)
Press: ? - help, Shift-Dir - straight line, f/p - dart slug
Aim: a dart slug (severely wounded, 100% to hit)
The magic dart hits the dart slug.
You kill the dart slug!
Your Dodging skill increases to level 2!
There is an entrance to Pogroets's Armour Shoppe here.
Are you sure you want to abandon this character and quit the game? (Confirm with "yes".)

###......##....#
..#............#
..#............#
.#...###########
.....# ....##
########## #####
#........##
#.........#
#.......@.#
#.........###.#
..
#.............#
..
##........###..#
..+.###+#....#
.#
..#.###.#.##.# #
#......#.# .# .#
#........# .. #
#.#....### ###


There were no monsters in sight!

Vanquished Creatures
  A dart slug (D:1)
  2 jackals (D:1)
  A bat (D:1)
4 creatures vanquished.

Notes
Turn   | Place    | Note
-------+----------+-------------------------------------------
     0 | D:1      | NinjaNoafa the Draconian Conjurer began the quest for the
                  | Orb.
     0 | D:1      | Reached XP level 1. HP: 14/14 MP: 3/3
   270 | D:1      | Found Pogroets's Armour Shoppe.
   303 | D:1      | Quit the game

Illustrated notes

Levels and vault maps discovered:
D:1:      erik_arrival_blinker_ship, layout_basic, basic_ecumenical_altar,
          serial_shops, shop, nicolae_shop_hallway_plus, shop

Skill      XL: |  1 |
---------------+----+-----
Dodging        | 2 |  2.1
Stealth        | |  1.7
Spellcasting   | |  2.1
Conjurations   | |  4.0

Action                   || total
-------------------------++-------
Melee: Unarmed           ||     1
 Cast: Magic Dart        ||    14
  Use: Scroll            ||     1
       Potion            ||     1
Armor: Skin              ||    21
Dodge: Dodged            ||    37
